 Dungeon Crawl Stone Soup version 0.19.4-8-ga85b6b9 (webtiles) character file.

31117 Jerry the Cleaver (level 13, -10/116 HPs)
             Began as a Formicid Fighter on Feb 9, 2017.
             Was a High Priest of Okawaru.
             Mangled by Rupert
             ... wielding a +1 great mace of venom
              (20 damage)
             ... on level 13 of the Dungeon.
             The game lasted 01:17:11 (19847 turns).

Jerry the Cleaver (Formicid Fighter)               Turns: 19847, Time: 01:17:12

Health: -10/116    AC: 26    Str: 23    XL:     13   Next: 93%
Magic:  0/21       EV: 11    Int: 15    God:    Okawaru [*****.]
Gold:   257        SH:  7    Dex: 14    Spells: 0 memorised, 12 levels left

rFire  + . .     SeeInvis +     a - +4 war axe
rCold  + . .     Gourm    .     F - +0 chain mail {rPois}
rNeg   . . .     Faith    .     z - +0 buckler
rPois  +         Spirit   +     (helmet unavailable)
rElec  +         Reflect  .     l - +0 cloak
rCorr  .         Harm     .     p - +2 pair of gloves
MR     +....                    d - +1 pair of boots
Stlth  ..........               y - amulet of guardian spirit
                                n - +4 ring of dexterity
                                M - ring of Atauv {rElec AC+4}

@: lethally poisoned (-10 -> -12), heroism, finesse
A: permanent stasis, dig shafts and tunnels, four strong arms, antennae 3,
clever 2, cold resistance 1, fire resistance 1, robust 1, screaming 1, wild
magic 1
a: Dig, Shaft Self, Heroism, Finesse, Renounce Religion


You were on level 13 of the Dungeon.
You worshipped Okawaru.
Okawaru was extremely pleased with you.
You were not hungry.

You visited 3 branches of the dungeon, and saw 16 of its levels.
You visited 1 bazaar.

You collected 782 gold pieces.
You spent 525 gold pieces at shops.

Inventory:

Hand Weapons
 a - a +4 war axe (weapon)
Armour
 d - a +1 pair of boots (worn)
 l - a +0 cloak (worn)
 p - a +2 pair of gloves (worn)
 z - a +0 buckler (worn)
 F - a +0 chain mail of poison resistance (worn)
Jewellery
 n - a +4 ring of dexterity (right hand)
 x - an uncursed ring of flight
 y - an amulet of guardian spirit (around neck)
 M - the ring of Atauv (left hand) {rElec AC+4}
   (You found it on level 9 of the Dungeon)

   [ring of protection]

   It affects your AC (+4).
   It insulates you from electricity.
Wands
 e - a wand of digging (3/24)
 g - a wand of hasting (4/9)
 s - a wand of lightning (1/15)
 C - a wand of confusion (45/48)
 D - a wand of flame (28/48)
 E - a wand of flame (27/48)
 I - a wand of slowing (11/48)
 K - a wand of paralysis (12/24)
Scrolls
 b - 3 scrolls of recharging
 h - a scroll of magic mapping
 k - a scroll of fear
 m - 8 scrolls of remove curse
 r - a scroll of identify
 w - a scroll of fog
Potions
 c - a potion of flight
 j - 3 potions of invisibility
 o - a potion of ambrosia
 u - a potion of brilliance {unknown}
 v - a potion of lignification {unknown}
 B - 3 potions of agility {unknown}
 H - a potion of cancellation {unknown}
 J - a potion of beneficial mutation {unknown}
 L - 2 potions of curing
 P - 4 potions of resistance
Comestibles
 f - 2 bread rations
 i - 2 fruits
 q - 8 meat rations


   Skills:
 + Level 11.1(16.1) Fighting
 * Level 14.3(19.3) Axes
 + Level 11.9(16.9) Armour
 - Level 6.3(11.3) Shields
 + Level 10.9 Invocations


You had 12 spell levels left.
You didn't know any spells.

Dungeon Overview and Level Annotations

Branches:
Dungeon (13/15)            Temple (1/1) D:5            Lair (2/6) D:11
 Spider (0/4) Lair:2          Orc (0/2) D:11         Vaults (0/5) D:13
  Swamp: Lair:2-4    Shoals: Lair:2-4

Altars:
Ashenzari
Cheibriados
Dithmenos
Elyvilon
Fedhas
Gozag
Hepliaklqana
Kikubaaqudgha
Makhleb
Nemelex Xobeh
Okawaru
Qazlal
Ru
Sif Muna
Trog
Uskayaw
Vehumet
Xom
Yredelemnul
Zin
The Shining One
Beogh

Shops:
D:6 ?   D:7 !

Annotations:
D:13 Nessos, Rupert


Innate Abilities, Weirdness & Mutations

You are under a permanent stasis effect.
You can dig through walls and to a lower floor.
Your four strong arms can wield two-handed weapons with a shield.
You have a pair of large antennae on your head. (SInv)
Your mind is very acute. (Int +4)
Your flesh is cold resistant. (rC+)
Your flesh is heat resistant. (rF+)
You are robust. (+10% HP)
You occasionally shout uncontrollably at your foes.
Your spells are a little harder to cast, but a little more powerful.


Message History

Rupert is severely wounded.
You feel sick.
You hit Rupert.
Rupert is severely wounded.
Rupert hits you with a great mace of venom.
* * * LOW HITPOINT WARNING * * *
You slice Rupert!!
Rupert is severely wounded.
You hit Rupert.
Rupert is almost dead.
Rupert closely misses you.
You slash Rupert!
Rupert is almost dead.
You hit Rupert but do no damage.
Rupert is almost dead.
You feel sick.
You hit Rupert.
Rupert is almost dead.
Rupert hits you with a great mace of venom!!
You die...

####.J. p ####.#####
#.. .{{##### #........#
{..{pp.p####...........
#...##........###
#{#...........#
##{####........# #{##
#........# {{{ ##@#
#........# #@##
#........# ###
##########


You could see Rupert (berserk).

Vanquished Creatures
  The ghost of taheo the Fighter, a journeyman MiFi of Okawaru (D:11)
  Fannar (D:11)
  Erolcha (D:9)
  Urug (D:11)
  8 skeletal warriors
  2 unseen horrors (D:12)
  4 hill giants
  2 ugly things
  2 cyclopes
  2 centaur zombies
  Maurice (D:11)
  A black mamba (Lair:2)
  3 gargoyles
  2 spiny frogs
  4 komodo dragons
  2 trolls
  A hornet (Lair:2)
  A two-headed ogre (D:10)
  6 hippogriffs
  A wraith (D:11)
  A human (D:13)
  23 yaks
  Eustachio (D:5)
  A vampire (D:11)
  A wyvern (D:10)
  3 vampire mosquitoes
  A mottled dragon (D:11)
  2 steam dragons
  3 hungry ghosts
  Menkaure (D:4)
  Edmund (D:6)
  A soldier ant (D:12)
  A water moccasin (D:9)
  The ghost of emsyzz the Magician, an amateur DEFE (D:3)
  A porcupine (Lair:2)
  3 sky beasts
  2 ice beasts
  2 black bears
  2 eyes of draining
  2 phantoms
  4 ogres
  10 orc warriors
  9 centaurs
  2 crocodiles
  8 bullfrogs
  5 big kobolds
  A gnoll sergeant (D:7)
  6 scorpions
  19 killer bees
  2 wyvern skeletons
  3 howler monkeys
  A vampire bat (D:2)
  8 wights
  3 crimson imps
  3 jellies
  A quasit (D:10)
  Crazy Yiuf (D:4)
  3 bullfrog zombies
  3 hounds
  A gnoll shaman (D:9)
  13 orc priests
  4 bullfrog skeletons
  3 centaur skeletons
  Jessica (D:2)
  3 iguanas
  13 orc wizards
  Natasha (D:4)
  21 worker ants
  2 hound zombies
  3 hound skeletons (D:4)
  A worker ant zombie (D:11)
  A howler monkey skeleton (D:7)
  7 gnolls
  17 adders
  2 river rats (D:11)
  6 shadow imps
  An ooze (D:1)
  2 adder skeletons
  An adder zombie (D:10)
  4 worms
  4 leopard geckos
  60 orcs
  A ball python (D:7)
  12 bats
  3 bat skeletons (D:2)
  2 bat zombies (D:2)
  7 giant cockroaches
  5 goblins
  5 hobgoblins
  10 jackals
  3 quokkas
  6 frilled lizards
  A jackal skeleton (D:5)
  38 kobolds
  A leopard gecko skeleton (D:5)
  2 leopard gecko zombies
  3 quokka skeletons
  A quokka zombie (D:6)
  9 rats
  3 fungi
474 creatures vanquished.

Vanquished Creatures (collateral kills)
  A plant (D:11)
1 creature vanquished.

Vanquished Creatures (others)
  A two-headed ogre (D:11)
  A sky beast (D:11)
  A big kobold (D:11)
  A bullfrog (D:11)
  A kobold (D:11)
  A rat (D:11)
  49 fungi
  25 plants (D:11)
80 creatures vanquished.

Grand Total: 555 creatures vanquished

Notes
Turn   | Place    | Note
-------+----------+-------------------------------------------
     0 | D:1      | Jerry the Formicid Fighter began the quest for the Orb.
     0 | D:1      | Reached XP level 1. HP: 18/18 MP: 1/1
   251 | D:1      | Reached XP level 2. HP: 24/24 MP: 2/2
   658 | D:2      | Reached XP level 3. HP: 27/29 MP: 3/3
   763 | D:2      | Noticed Jessica
   778 | D:2      | Killed Jessica
   778 | D:2      | Reached skill level 3 in Axes
   778 | D:2      | Reached XP level 4. HP: 23/37 MP: 4/4
  1163 | D:2      | Found an ancient bone altar of Kikubaaqudgha.
  1179 | D:2      | Reached XP level 5. HP: 39/42 MP: 5/5
  1270 | D:2      | Found a stormy altar of Qazlal.
  1878 | D:3      | Noticed emsyzz's ghost (amateur DEFE)
  1995 | D:3      | Killed emsyzz's ghost
  1995 | D:3      | Reached skill level 4 in Axes
  1995 | D:3      | Reached XP level 6. HP: 36/49 MP: 6/6
  2444 | D:4      | Noticed Menkaure
  2455 | D:4      | Killed Menkaure
  2455 | D:4      | Reached skill level 5 in Axes
  2455 | D:4      | Reached skill level 5 in Shields
  2455 | D:4      | Reached XP level 7. HP: 7/55 MP: 7/7
  2804 | D:4      | Reached skill level 5 in Armour
  2956 | D:4      | Noticed Natasha
  2967 | D:4      | Killed Natasha
  3094 | D:4      | Reached skill level 5 in Fighting
  3814 | D:4      | Reached XP level 8. HP: 49/62 MP: 8/8
  4283 | D:4      | Found a runed door.
  4288 | D:4      | Noticed Crazy Yiuf
  4291 | D:4      | Killed Crazy Yiuf
  4291 | D:4      | Reached skill level 6 in Axes
  4321 | D:5      | Entered Level 5 of the Dungeon
  4373 | D:5      | Noticed Eustachio
  4385 | D:5      | Killed Eustachio
  4602 | D:5      | Gained mutation: Your mind is acute. (Int +2) [mutagenic meat]
  4604 | D:5      | Gained mutation: Your body sometimes deteriorates upon taking damage. [mutagenic meat]
  4605 | D:5      | Gained mutation: You regenerate slowly when monsters are visible. [mutagenic meat]
  4606 | D:5      | Gained mutation: Your flesh is heat resistant. (rF+) [mutagenic meat]
  4607 | D:5      | Gained mutation: You evolve. [mutagenic meat]
  4728 | D:5      | Noticed a yak
  4730 | D:5      | Noticed a yak
  4731 | D:5      | Noticed a yak
  4732 | D:5      | Noticed a yak
  4760 | D:4      | Killed a yak
  4813 | D:5      | Reached skill level 7 in Axes
  4927 | D:5      | Gained mutation: Your spells are a little harder to cast, but a little more powerful. [evolution]
  4927 | D:5      | Lost mutation: You evolve. [end of evolution]
  4946 | D:5      | Found a staircase to the Ecumenical Temple.
  4951 | Temple   | Entered the Ecumenical Temple
  5103 | Temple   | Became a worshipper of Warmaster Okawaru
  5132 | D:5      | Reached XP level 9. HP: 53/69 MP: 9/9
  5138 | D:5      | Gained mutation: Your mind is very acute. (Int +4) [mutagenic meat]
  5140 | D:5      | Gained mutation: Your flesh is cold resistant. (rC+) [mutagenic meat]
  5141 | D:5      | Gained mutation: Your magical capacity is low. (-10% MP) [mutagenic meat]
  5203 | D:5      | Reached skill level 1 in Invocations
  5579 | D:5      | Reached * piety under Okawaru
  5597 | D:5      | Reached skill level 8 in Axes
  5939 | D:6      | Found Hip Anak's Magic Scroll Shop.
  5948 | D:6      | Bought a scroll of enchant weapon for 82 gold pieces
  5948 | D:6      | Bought a scroll of enchant armour for 82 gold pieces
  5948 | D:6      | Bought a scroll of identify for 22 gold pieces
  5948 | D:6      | Bought a scroll of identify for 22 gold pieces
  5948 | D:6      | Bought a scroll of identify for 22 gold pieces
  5948 | D:6      | Bought a scroll of identify for 22 gold pieces
  5988 | D:6      | Gained mutation: You occasionally shout uncontrollably at your foes. [potion of mutation]
  5988 | D:6      | Lost mutation: Your magical capacity is low. (-10% MP) [potion of mutation]
  5988 | D:6      | Lost mutation: You regenerate slowly when monsters are visible. [potion of mutation]
  5995 | D:6      | Reached ** piety under Okawaru
  6004 | D:6      | Noticed Edmund
  6035 | D:6      | Killed Edmund
  6035 | D:6      | Reached XP level 10. HP: 64/77 MP: 12/12
  6559 | D:7      | Reached skill level 9 in Axes
  7184 | D:7      | HP: 3/79 [killer bee (7)]
  7328 | D:5      | Reached skill level 5 in Invocations
  7861 | D:7      | Found a basalt altar of Yredelemnul.
  8059 | D:7      | Found Upsucuna's Distillery.
  8407 | D:7      | Reached *** piety under Okawaru
  8609 | D:8      | Reached skill level 10 in Axes
  9533 | D:8      | Found a roughly hewn altar of Beogh.
 10031 | D:9      | Reached **** piety under Okawaru
 10037 | D:9      | Found a radiant altar of Vehumet.
 10066 | D:9      | Reached XP level 11. HP: 67/86 MP: 15/15
 10084 | D:9      | Gained mutation: You are robust. (+10% HP) [mutagenic meat]
 10086 | D:9      | Lost mutation: Your body sometimes deteriorates upon taking damage. [mutagenic meat]
 10355 | D:9      | Noticed Erolcha
 10429 | D:9      | Killed Erolcha
 10487 | D:9      | Reached skill level 11 in Axes
 10498 | D:9      | Got a fine bone ring
 10499 | D:9      | Identified the ring of Atauv {rElec AC+4} (You found it on level 9 of the Dungeon)
 10974 | D:9      | Found a shadowy altar of Dithmenos.
 11333 | D:10     | Entered Level 10 of the Dungeon
 11713 | D:10     | Reached ***** piety under Okawaru
 12000 | D:10     | Noticed a hill giant
 12012 | D:10     | Killed a hill giant
 12677 | D:11     | Noticed a white ugly thing
 12696 | D:11     | Killed a white ugly thing
 12696 | D:11     | Reached XP level 12. HP: 29/104 MP: 15/18
 12706 | D:11     | Found a flickering gateway to a bazaar.
 12888 | D:11     | Reached skill level 12 in Axes
 12906 | Bazaar   | Entered a bazaar
 12906 | Bazaar   | Found Aresayl's Antique Armour Shoppe.
 12906 | Bazaar   | Found Feikhys's Antique Weapon Shoppe.
 12907 | Bazaar   | Found Gyagauva's Jewellery Emporium.
 12907 | Bazaar   | Found Xammininuf's Antique Armour Emporium.
 13088 | Bazaar   | Bought a pair of embroidered boots for 273 gold pieces
 13161 | D:11     | Reached skill level 10 in Armour
 13242 | D:11     | Noticed Urug
 13364 | D:11     | Killed Urug
 13573 | D:11     | Received a gift from Okawaru
 13577 | D:11     | Noticed Fannar
 13629 | D:11     | Killed Fannar
 13679 | D:11     | Noticed taheo's ghost (journeyman MiFi)
 13717 | D:11     | Killed taheo's ghost
 14265 | D:10     | Received a gift from Okawaru
 14305 | D:11     | Noticed Maurice
 14307 | D:11     | Found a staircase to the Lair.
 14336 | D:11     | Killed Maurice
 14405 | D:11     | Reached ****** piety under Okawaru
 14501 | D:11     | Found a staircase to the Orcish Mines.
 14676 | D:10     | Reached skill level 10 in Fighting
 14887 | D:11     | Reached skill level 13 in Axes
 15498 | D:12     | Reached XP level 13. HP: 101/113 MP: 4/20
 16651 | D:10     | Received a gift from Okawaru
 16699 | D:11     | Reached skill level 10 in Invocations
 17754 | Lair:1   | Entered Level 1 of the Lair of Beasts
 17806 | Lair:1   | You fall through a shaft!
 17807 | Lair:2   | Noticed a seven-headed hydra
 18141 | Lair:2   | Found a hole to the Spider Nest.
 18324 | Lair:2   | Reached skill level 14 in Axes
 18697 | Lair:2   | Got a pair of heavily runed boots
 18698 | Lair:2   | Identified the -5 pair of boots "Acoag" {*Contam rN+ Dex+3} (You found it on level 2 of the Lair of Beasts)
 19556 | D:13     | Found a gate to the Vaults.
 19556 | D:13     | Noticed Rupert
 19556 | D:13     | Noticed Nessos
 19847 | D:13     | Mangled by Rupert

Skill      XL: |  1  2  3  4  5  6  7  8  9 10 11 12 13 |
---------------+----------------------------------------+-----
Axes           | 3 4 5 7 8 10 11 13 14 | 14.3
Shields        | 4 5 6 |  6.3
Fighting       | 4 5 6 7 9 10 11 | 11.1
Armour         | 4 5 6 7 8 9 10 11 | 11.9
Invocations    | 3 6 8 9 10 | 10.9

Action                   |  1- 3 |  4- 6 |  7- 9 | 10-12 | 13-15 || total
-------------------------+-------+-------+-------+-------+-------++-------
Melee: War axe           |    59 |   145 |   171 |   876 |   521 ||  1772
       Quarterstaff      |       |       |   138 |       |       ||   138
       Hand axe          |       |       |       |   361 |       ||   361
Invok: Heroism           |       |       |       |    14 |     3 ||    17
       Finesse           |       |       |       |       |     1 ||     1
 Abil: Dig               |     3 |     1 |     3 |    10 |     1 ||    18
Evoke: Wand              |       |       |       |       |     1 ||     1
  Use: Scroll            |     3 |     1 |    13 |     8 |     5 ||    30
       Potion            |       |       |     2 |     4 |       ||     6
  Eat: Chunk             |       |     6 |    23 |    35 |    10 ||    74
       Beef jerky        |       |       |       |     2 |     1 ||     3
       Bread ration      |       |       |       |     1 |     1 ||     2
       Fruit             |       |       |       |     1 |       ||     1
       Meat ration       |       |       |       |     1 |       ||     1
       Pizza             |       |       |       |       |     1 ||     1
Armor: Chain mail        |    31 |    85 |    59 |   518 |   231 ||   924
       Scale mail        |     4 |       |       |       |       ||     4
       Plate armour      |       |       |   154 |    93 |       ||   247
Dodge: Dodged            |    11 |    52 |    76 |   364 |   130 ||   633
Block: Shield            |    30 |    74 |       |       |       ||   104
       Buckler           |       |     4 |    76 |   297 |   105 ||   482
